Map: Old Republic LE

Players

HoldTheDoor

  • Race: Protoss Protoss
  • League: Diamond
  • Spawn Location: 7:00

Mello - Winner!

  • Race: Protoss Protoss
  • League: Diamond
  • Spawn Location: 1:00

VOD

Have the link to the VOD?

Description

Time

  • Played on: May 20, 2026, 12:50 p.m.
  • Length: 4:09
Show
View Real Time Build Order
Export as new Build Order

HoldTheDoor Protoss 

Build Orders:  

Get SALT Encoding   

  12  0:00  Probe  
  13  0:12  Probe  
  14  0:19  Pylon  
  14  0:24  Probe  
  15  0:33  Probe  
  15  0:40  Gateway  
  15  0:41  Probe  
  16  0:48  Assimilator  
  17  0:53  Probe  
  18  1:04  Assimilator  
  18  1:05  Probe  
  19  1:17  Gateway, Probe  
  20  1:29  Probe  
  21  1:37  Cybernetics Core  
  21  1:41  Probe, Pylon  
  22  1:53  Probe  
  23  2:02  Stalker x2  
  23  2:05  Probe  
  28  2:18  Probe  
  29  2:25  Shield Battery  
  29  2:26  Warp Gate  
  29  2:30  Probe  
  30  2:42  Probe  
  31  3:05  Probe  
  31  3:16  Pylon  
  31  3:18  Pylon  
  31  3:33  Stalker x2  
  35  3:47  Robotics Facility  
  35  3:50  Shield Battery  
  35  3:51  Probe  
  36  4:03  Pylon  
  36  4:04  Gateway  
  36  4:05  Gateway  
Show
View Real Time Build Order
Export as new Build Order

Mello Protoss - Winner!

Build Orders:  

Get SALT Encoding   

  12  0:00  Probe  
  13  0:12  Probe  
  14  0:18  Pylon  
  14  0:24  Probe  
  15  0:37  Probe  
  15  0:38  Gateway  
  16  0:47  Assimilator, Probe  
  17  0:53  Assimilator  
  17  0:55  Probe  
  17  1:04  Probe  
  19  1:14  Gateway  
  19  1:15  Probe  
  20  1:26  Cybernetics Core  
  20  1:30  Probe  
  21  1:37  Pylon  
  21  1:42  Warp Gate  
  21  1:45  Probe  
  22  2:00  Stalker x2  
  26  2:27  Stalker x2  
  26  2:30  Gateway  
  30  2:39  Gateway  
  30  2:47  Pylon  
  30  3:25  Pylon  
  28  3:43  Stalker x2  
  28  3:44  Stalker x2  
Tags
 
Matchup
PvP
Replay Pack
SC2Mai2026
Spawn Locations
Cross Positions
Add a new tag
Caveats
  • Supply blocks, unpowered buildings, or Contaminate may cause inaccurate times.
  • Supply counts are checked every 10 seconds.